Map: [ESL] Stargazers

Players

Spirit (souL) - Winner!

  • Race: Terran Terran
  • Spawn Location: 1:00

Serral

  • Race: Zerg Zerg
  • Spawn Location: 11:00

Event: HomeStory Cup XXI

VOD

Have the link to the VOD?

Description

Time

  • Played on: July 23, 2022, 2:41 p.m.
  • Length: 34:26

All games in this series

Show
View Real Time Build Order
Export as new Build Order

Spirit Terran - Winner!

Build Orders: Command Center First (CC) 

Get SALT Encoding   

  12  0:00  SCV  
  13  0:12  SCV  
  14  0:17  Supply Depot  
  14  0:24  SCV  
  15  0:38  SCV  
  16  0:50  SCV  
  17  1:02  Command Center  
  17  1:04  SCV  
  18  1:16  Barracks, SCV  
  19  1:28  SCV  
  19  1:29  Barracks  
  20  1:34  Refinery  
  20  1:40  SCV  
  20  1:44  Refinery  
  21  1:52  SCV  
  22  2:05  Orbital Command, Marine  
  23  2:13  Orbital Command  
  23  2:16  Marine  
  24  2:23  Marine  
  24  2:28  Factory  
  25  2:31  SCV  
  25  2:35  Barracks Tech Lab  
  26  2:41  SCV  
  26  2:43  SCV, Barracks Reactor  
  28  2:53  SCV, Marine  
  28  2:55  SCV, Stimpack  
  31  3:02  Supply Depot  
  31  3:05  SCV  
  32  3:07  SCV  
  32  3:11  Marine  
  34  3:15  Starport  
  34  3:17  SCV  
  34  3:19  SCV, Marine  
  36  3:21  Marine  
  36  3:24  Factory Reactor  
  38  3:28  Supply Depot  
  38  3:29  SCV, Marine  
  40  3:36  SCV  
  40  3:37  Marine  
  40  3:39  Marine  
  43  3:41  SCV  
  43  3:46  Marine  
  43  3:48  SCV  
  46  3:53  SCV, Supply Depot  
  46  3:55  Marine  
  47  3:56  Refinery, Marine  
  47  4:00  SCV  
  50  4:06  SCV, Medivac  
  50  4:07  Factory Tech Lab  
  50  4:09  Marine  
  54  4:10  Refinery  
  54  4:14  SCV, Medivac  
  54  4:15  Marine x2  
  54  4:16  Supply Depot x2  
  59  4:18  SCV  
  60  4:27  SCV, Marine  
  62  4:34  Combat Shield  
  62  4:37  SCV, Marine  
  64  4:39  SCV, Supply Depot  
  64  4:44  Siege Tank, Marine  
  69  4:49  SCV  
  69  4:50  Marine  
  69  4:51  SCV  
  72  4:57  Command Center  
  72  5:01  SCV, Marine  
  72  5:03  Supply Depot  
  74  5:08  Medivac  
  74  5:14  Medivac  
  78  5:16  SCV, Siege Tank, Supply Depot  
  78  5:18  Marine  
  78  5:20  Marine  
  84  5:23  Marine  
  84  5:25  SCV  
  86  5:28  Supply Depot  
  86  5:29  SCV  
  87  5:35  Marine  
  87  5:36  Engineering Bay x2  
  87  5:38  SCV  
  89  5:43  Marine  
  89  5:44  SCV  
  91  5:50  Liberator x2  
  91  5:53  Marine  
  98  5:58  Siege Tank  
  98  6:00  Marine  
  102  6:04  Terran Infantry Weapons Level 1  
  102  6:06  Terran Infantry Armor Level 1  
  102  6:17  Marine  
  102  6:18  Marine  
  96  6:19  Marine  
  94  6:26  SCV  
  94  6:30  Siege Tank  
  94  6:32  SCV  
  93  6:35  Marine  
  93  6:36  Marine  
  93  6:37  Marine  
  96  6:40  SCV  
  96  6:44  SCV  
  98  6:48  Liberator  
  98  6:50  Barracks x2  
  98  6:52  Barracks  
  98  6:53  Marine, Liberator  
  105  6:56  SCV  
  105  6:57  Marine  
  104  7:03  SCV  
  104  7:05  Orbital Command  
  104  7:06  Marine  
  104  7:08  Siege Tank  
  104  7:09  SCV  
  104  7:11  Marine  
  104  7:14  Marine  
  107  7:16  SCV  
  107  7:19  Armory  
  107  7:21  SCV  
  109  7:24  Marine  
  109  7:28  SCV  
  109  7:29  Marine  
  112  7:32  Marine  
  112  7:33  SCV  
  109  7:40  SCV, Siege Tank, Barracks Reactor x2  
  109  7:41  SCV, Barracks Reactor  
  109  7:42  Marine  
  107  7:45  Command Center  
  107  7:47  SCV, Marine  
  107  7:48  Refinery x2  
  107  7:50  Marine  
  110  7:56  Medivac x2  
  110  7:57  SCV  
  115  8:00  Marine  
  115  8:03  SCV  
  115  8:04  Marine  
  118  8:08  Marine  
  118  8:09  Terran Infantry Weapons Level 2  
  117  8:16  Marine  
  117  8:18  SCV, Marine  
  121  8:20  Marine x4  
  121  8:25  Factory, Marine  
  121  8:26  Supply Depot  
  125  8:27  Supply Depot  
  125  8:29  Terran Infantry Armor Level 2, Marine x2  
  125  8:34  Marine  
  127  8:36  Marine  
  127  8:38  Marine  
  130  8:42  Marine  
  130  8:44  SCV x2  
  130  8:45  Command Center  
  130  8:48  SCV, Marine x4  
  138  8:49  Terran Vehicle Weapons Level 1  
  138  8:53  Siege Tank  
  138  8:54  Marauder  
  143  9:05  SCV  
  143  9:08  SCV  
  143  9:09  SCV  
  140  9:11  Factory Tech Lab  
  140  9:12  Barracks  
  140  9:13  Ghost Academy  
  140  9:14  Barracks x2  
  140  9:15  Marauder  
  142  9:17  Missile Turret  
  142  9:25  Planetary Fortress  
  142  9:27  SCV x2  
  144  9:33  SCV  
  144  9:34  Sensor Tower  
  144  9:35  Siege Tank  
  144  9:37  Supply Depot  
  144  9:38  Supply Depot  
  148  9:39  SCV  
  148  9:40  SCV  
  148  9:43  Siege Tank, Marine  
  154  9:47  Marauder  
  154  9:51  SCV  
  157  9:54  Barracks Tech Lab  
  151  10:06  SCV  
  151  10:07  SCV x2, Siege Tank  
  156  10:08  Barracks Tech Lab  
  156  10:09  Barracks Tech Lab, Marauder  
  156  10:10  Command Center  
  156  10:11  Refinery  
  156  10:12  Refinery  
  158  10:15  Siege Tank  
  158  10:19  SCV, Marine, Command Center  
  163  10:26  Medivac x2  
  167  10:29  Terran Infantry Weapons Level 3  
  167  10:34  Ghost x2  
  170  10:36  Planetary Fortress  
  170  10:43  SCV  
  170  10:44  SCV  
  170  10:52  Terran Infantry Armor Level 3  
  170  10:54  Terran Vehicle And Ship Armor Level 1  
  170  10:57  SCV  
  170  10:58  Refinery  
  170  10:59  Refinery  
  170  11:00  Marauder x2  
  170  11:03  Marauder  
  170  11:04  Marauder  
  179  11:13  Sensor Tower  
  179  11:19  Supply Depot  
  179  11:21  Marauder x2  
  176  11:27  Medivac x2  
  176  11:30  Siege Tank  
  178  11:34  SCV x3, Sensor Tower  
  178  11:38  Ghost  
  183  11:40  Ghost  
  183  11:44  Orbital Command  
  183  11:46  Ghost  
  184  11:48  Command Center  
  184  11:50  SCV  
  187  11:59  Refinery, Command Center  
  186  12:08  Ghost x2, Marine  
  184  12:09  Ghost  
  191  12:17  Planetary Fortress  
  191  12:23  Siege Tank  
  191  12:24  Marine x2  
  192  12:32  Missile Turret  
  192  12:33  Marine  
  192  12:34  Missile Turret, Marauder, Sensor Tower  
  192  12:37  Ghost, Marauder  
  191  12:45  Ghost  
  191  12:47  Siege Tank  
  176  12:54  Ghost  
  176  12:55  Siege Tank  
  176  12:58  Ghost  
  167  13:00  Marine x6  
  167  13:05  Ghost  
  175  13:08  Missile Turret  
  175  13:09  Missile Turret  
  175  13:11  Sensor Tower  
  177  13:14  Marauder  
  177  13:15  Orbital Command x2  
  177  13:18  Marine x2, Missile Turret  
  177  13:19  Refinery, Siege Tank  
  184  13:21  Missile Turret  
  184  13:22  Marine x4  
  184  13:24  Marauder  
  190  13:27  Marauder  
  191  13:34  Marauder  
  191  13:35  Marine  
  191  13:36  Marine x2  
  191  13:37  Neosteel Armor, Hi-Sec Auto Tracking  
  191  13:39  Marine x4  
  191  13:40  Factory  
  183  14:03  Marine  
  183  14:05  Marine x6  
  183  14:06  Marine x2  
  183  14:07  Marauder  
  184  14:10  Orbital Command, Siege Tank  
  184  14:15  Siege Tank  
  186  14:21  Marine  
  186  14:22  Marine  
  186  14:23  SCV x5, Marine x5  
  193  14:24  Marine x2  
  193  14:27  Marine  
  195  14:35  SCV x5  
  200  14:43  Marine  
  200  14:44  Factory Tech Lab  
  196  14:46  Ghost  
  196  14:47  SCV x3  
  199  14:54  Missile Turret  
  199  14:58  Missile Turret  
  199  14:59  Missile Turret  
  199  15:04  Command Center  
  199  15:05  Command Center  
  199  15:07  Armory, Personal Cloaking  
  199  15:09  Missile Turret x2  
  199  15:10  Missile Turret  
  199  15:11  Refinery  
  199  15:12  Refinery  
  199  15:18  Missile Turret  
  199  15:19  Missile Turret  
  199  15:34  Marine  
  199  15:35  Marine x4, Marauder x4  
  199  15:39  Missile Turret  
  196  15:43  Barracks Tech Lab  
  196  15:44  Orbital Command  
  196  15:48  Refinery  
  196  15:49  Refinery  
  194  15:50  Command Center  
  194  15:56  Marauder x3  
  198  16:06  Orbital Command  
  196  16:16  Siege Tank  
  196  16:17  Marauder  
  196  16:18  Marine, Marauder x2  
  187  16:21  Marine  
  187  16:22  Medivac x2, Missile Turret, Marauder, Sensor Tower  
  172  16:26  Ghost  
  172  16:31  Orbital Command  
  165  16:37  SCV x4  
  165  16:38  Ghost x2  
  165  16:39  Ghost  
  175  16:41  Siege Tank  
  175  16:43  Marauder  
  175  16:44  Siege Tank  
  181  16:47  SCV  
  181  16:49  SCV x2  
  181  16:52  Orbital Command  
  184  16:56  SCV x3  
  184  16:57  Marine x3  
  184  16:59  SCV  
  184  17:01  Sensor Tower  
  190  17:02  Marauder  
  190  17:05  Orbital Command  
  191  17:10  Missile Turret  
  191  17:11  Missile Turret  
  191  17:12  Missile Turret  
  191  17:13  SCV x3  
  194  17:17  Siege Tank  
  194  17:22  Starport  
  197  17:24  Fusion Core  
  197  17:25  Siege Tank  
  200  17:33  Orbital Command  
  200  17:34  Missile Turret  
  194  17:37  Siege Tank  
  194  17:39  Command Center  
  194  17:43  Orbital Command  
  191  17:44  Command Center  
  191  17:49  Siege Tank  
  187  17:58  Siege Tank  
  190  18:00  Starport Reactor  
  190  18:02  Sensor Tower  
  190  18:12  Marine  
  190  18:15  Siege Tank, Marine  
  190  18:17  Missile Turret x2  
  190  18:18  Missile Turret  
  185  18:21  Siege Tank  
  185  18:22  Missile Turret x2  
  185  18:24  Advanced Ballistics  
  187  18:30  Liberator x2  
  191  18:35  SCV  
  191  18:39  Liberator x2  
  193  18:44  Marine  
  193  18:47  Marine  
  181  18:52  Marine  
  181  18:53  Marine, Marauder x5  
  181  18:54  Marine x2  
  181  18:55  Siege Tank  
  180  19:02  Marine  
  177  19:04  Marine  
  177  19:06  Siege Tank  
  177  19:09  Planetary Fortress  
  182  19:13  Marine, Liberator x2  
  182  19:14  Command Center  
  182  19:15  Marauder x5  
  188  19:42  Marine  
  188  19:43  Marine x2, Marauder  
  190  19:46  Orbital Command  
  190  19:55  Command Center  
  190  19:56  Command Center  
  190  19:57  Marine x3, Marauder x2  
  190  19:58  Marauder x2  
  180  20:00  Marine  
  180  20:01  Marine x2  
  180  20:04  Marauder  
  180  20:07  Thor x3  
  200  20:15  Terran Vehicle And Ship Armor Level 2, Terran Vehicle Weapons Level 2  
  200  20:33  Missile Turret  
  200  20:36  Missile Turret  
  200  20:39  Missile Turret  
  200  20:44  Supply Depot  
  196  20:51  Ghost  
  196  20:55  Ghost  
  196  20:56  Ghost x2  
  179  21:08  Siege Tank  
  182  21:12  Orbital Command  
  182  21:17  Siege Tank  
  188  21:25  Missile Turret x2  
  176  21:26  Ghost  
  176  21:27  Ghost x4  
  182  21:33  Refinery, Engineering Bay  
  182  21:39  Marine  
  183  21:41  Planetary Fortress  
  183  21:42  Marine x2  
  183  21:43  Marine  
  183  21:44  Marine x2  
  185  21:49  Siege Tank  
  185  21:51  Missile Turret  
  185  21:52  Missile Turret  
  188  21:55  Ghost x2, Marine  
  188  21:56  Marauder x2  
  188  21:57  Marine  
  188  22:00  Medivac  
  185  22:14  Marauder  
  159  22:17  Marine, Marauder  
  147  22:24  Marine x2  
  147  22:25  Refinery  
  147  22:28  SCV x9  
  152  22:33  Medivac x2  
  152  22:34  Marine x2  
  152  22:36  Refinery  
  162  22:44  Missile Turret  
  162  22:47  Missile Turret  
  158  22:55  Ghost x5, Siege Tank x2  
  158  22:56  Marine x6  
  168  23:08  Missile Turret  
  168  23:14  Marine x6  
  174  23:24  Marine, Marauder x3  
  184  23:27  Thor x3  
  184  23:30  Viking x2  
  199  23:38  Sensor Tower  
  199  23:55  Terran Vehicle And Ship Armor Level 3, Terran Vehicle Weapons Level 3  
  199  24:04  Sensor Tower  
  199  24:05  Enhanced Shockwaves  
  199  24:15  Smart Servos  
  199  24:38  Thor  
  191  24:53  Concussive Shells  
  181  25:24  Nuke  
  177  25:29  Thor x2  
  177  25:31  Thor  
  195  25:38  Liberator  
  198  25:48  Missile Turret  
  195  25:56  Missile Turret  
  195  26:03  Liberator  
  193  26:12  Nuke  
  193  26:15  Liberator x2  
  197  26:51  Ghost  
  199  26:57  Ghost  
  195  27:06  Ghost  
  195  27:09  Liberator  
  188  27:23  Ghost  
  188  27:27  Thor  
  196  27:31  Nuke  
  196  27:41  Ghost x2  
  198  28:14  Missile Turret  
  198  28:40  Orbital Command  
  198  28:44  Missile Turret  
  197  28:53  Liberator  
  197  28:54  Liberator  
  196  29:46  Medivac  
  196  30:24  Missile Turret  
  196  30:41  Orbital Command  
  196  30:56  Ghost  
  196  30:57  Ghost x4  
  185  31:25  Ghost x2, Nuke  
  188  32:06  Thor x3  
  187  32:39  Ghost x2  
  187  32:43  Marauder  
Show
View Real Time Build Order
Export as new Build Order

Serral Zerg 

Build Orders: Hatch First 

Get SALT Encoding   

  12  0:00  Drone  
  13  0:12  Overlord  
  13  0:16  Drone  
  14  0:30  Drone x2  
  16  0:48  Hatchery  
  15  0:51  Drone  
  15  0:54  Drone  
  17  0:57  Drone  
  18  1:09  Extractor  
  17  1:12  Spawning Pool  
  17  1:16  Drone  
  17  1:19  Drone  
  18  1:27  Drone  
  19  1:38  Drone  
  20  1:48  Drone  
  21  1:59  Queen x2  
  21  2:01  Overlord  
  25  2:02  Drone  
  26  2:11  Drone x2  
  28  2:22  Hatchery  
  27  2:24  Drone  
  27  2:27  Drone  
  29  2:31  Drone  
  29  2:32  Drone  
  29  2:34  Metabolic Boost  
  31  2:42  Queen  
  33  2:46  Overlord  
  33  2:49  Drone  
  34  2:53  Drone x2  
  36  3:03  Overlord  
  36  3:04  Queen  
  38  3:10  Drone x3  
  38  3:11  Drone  
  42  3:15  Drone  
  43  3:20  Overlord  
  43  3:21  Queen  
  46  3:27  Zergling x2  
  46  3:30  Zergling x2  
  46  3:34  Queen  
  47  3:35  Zergling x2  
  47  3:37  Drone  
  47  3:41  Queen  
  51  3:43  Overlord  
  51  3:45  Drone x3  
  51  3:47  Zergling x2  
  57  3:48  Drone  
  57  3:50  Drone  
  57  3:52  Drone  
  60  3:59  Zergling x2  
  60  4:00  Overlord, Drone x2  
  63  4:06  Overlord  
  63  4:09  Drone  
  64  4:11  Drone  
  65  4:18  Queen x2  
  65  4:19  Baneling Nest  
  65  4:20  Overlord  
  65  4:21  Drone  
  65  4:24  Drone, Extractor  
  68  4:28  Drone  
  70  4:32  Drone  
  70  4:33  Drone  
  72  4:38  Drone  
  72  4:40  Drone  
  72  4:42  Lair  
  74  4:46  Drone  
  74  4:47  Drone x2, Zergling x6  
  80  4:53  Zergling x8  
  80  4:59  Extractor, Queen x2  
  87  5:03  Zergling x6  
  87  5:04  Overlord  
  89  5:17  Evolution Chamber  
  89  5:18  Overlord x2  
  89  5:20  Drone  
  89  5:21  Hatchery  
  89  5:25  Overlord  
  89  5:28  Drone x7  
  95  5:31  Drone x2  
  95  5:34  Evolution Chamber, Zergling x2  
  97  5:36  Overlord  
  97  5:38  Overlord  
  97  5:40  Overlord  
  97  5:44  Centrifugal Hooks  
  97  5:49  Drone, Zerg Ground Armor Level 1  
  98  5:50  Zergling x4  
  98  5:53  Zergling x6  
  98  5:55  Baneling x4  
  98  5:56  Baneling x2  
  103  5:57  Baneling  
  103  5:58  Baneling x2  
  103  6:01  Zergling x6  
  103  6:03  Extractor  
  105  6:04  Zergling x2  
  105  6:05  Zergling x2  
  105  6:09  Queen  
  105  6:10  Queen  
  111  6:18  Zergling x12  
  99  6:27  Zergling x12  
  99  6:31  Queen  
  97  6:33  Zergling x6  
  97  6:36  Baneling x4  
  97  6:37  Baneling x2, Zergling x2  
  97  6:38  Zergling x2  
  102  6:42  Queen  
  102  6:44  Queen, Baneling x2  
  102  6:46  Zergling x8  
  110  6:49  Zerg Melee Weapons Level 1  
  110  6:52  Zergling x6  
  110  6:53  Zergling x2  
  111  7:01  Zergling x2  
  111  7:02  Zergling x4  
  111  7:07  Drone x3  
  116  7:13  Queen x2  
  120  7:17  Zergling x14  
  120  7:18  Queen  
  129  7:25  Overlord  
  129  7:28  Zergling x8  
  133  7:31  Baneling x8  
  133  7:32  Baneling x2  
  130  7:38  Zergling x6  
  130  7:42  Infestation Pit  
  129  7:44  Drone x8  
  129  7:46  Drone  
  129  7:47  Drone x2  
  140  7:54  Zerg Ground Armor Level 2  
  140  7:55  Drone x2  
  142  7:59  Baneling x7  
  142  8:06  Drone x2  
  142  8:07  Zergling x8  
  142  8:15  Zergling x18  
  142  8:17  Spore Crawler  
  144  8:23  Drone  
  144  8:25  Spore Crawler, Drone x2  
  146  8:28  Zergling x12  
  146  8:34  Hive  
  152  8:35  Drone  
  153  8:47  Zerg Melee Weapons Level 2  
  153  8:52  Drone x3  
  150  9:08  Hatchery  
  148  9:12  Extractor  
  148  9:13  Drone x3  
  148  9:14  Drone  
  148  9:15  Overlord x4  
  148  9:16  Overlord  
  152  9:17  Zergling x16  
  159  9:28  Hatchery  
  159  9:29  Hatchery  
  159  9:30  Zergling x4  
  160  9:41  Baneling x4  
  160  9:47  Overlord  
  160  9:48  Adrenal Glands  
  160  9:50  Ultralisk Cavern, Viper x2  
  165  9:53  Zergling x2  
  165  9:54  Zergling x24  
  165  9:55  Hatchery  
  165  9:58  Zergling x14  
  173  10:09  Extractor, Drone x2  
  173  10:10  Extractor, Drone x3  
  173  10:11  Drone x3  
  179  10:20  Drone  
  180  10:21  Drone x7  
  180  10:26  Zerg Ground Armor Level 3  
  187  10:29  Drone  
  187  10:30  Drone x3  
  187  10:34  Drone  
  189  10:35  Zergling x2  
  189  10:36  Zergling x4  
  189  10:40  Zergling x6  
  195  10:43  Baneling  
  195  10:44  Baneling x6  
  195  10:47  Zergling x10  
  196  10:50  Zergling x8  
  199  11:00  Zergling x4  
  200  11:07  Spire, Zerg Melee Weapons Level 3  
  200  11:09  Drone, Extractor, Spore Crawler  
  198  11:13  Drone x2, Baneling x8  
  198  11:14  Pneumatized Carapace  
  164  11:28  Zergling x30  
  164  11:31  Chitinous Plating  
  166  11:36  Zergling x22  
  175  11:44  Zergling x2  
  175  11:45  Zergling x24  
  188  11:49  Burrow  
  188  11:50  Pathogen Glands  
  188  11:51  Baneling x12  
  188  11:54  Drone x2  
  188  11:55  Drone x2  
  188  11:59  Zergling x16  
  196  12:13  Spore Crawler  
  195  12:16  Baneling x11, Overseer  
  195  12:20  Zergling x8  
  197  12:33  Zergling x20  
  183  12:46  Zergling x42  
  183  12:47  Neural Parasite  
  183  12:50  Anabolic Synthesis  
  182  12:56  Ultralisk x3, Zergling x12  
  184  12:59  Infestor  
  184  13:00  Infestor x2  
  190  13:07  Baneling x7  
  190  13:08  Baneling x3, Zergling x18  
  199  13:25  Greater Spire  
  198  13:29  Zergling x8  
  197  13:40  Hatchery  
  196  13:42  Baneling x9  
  196  13:55  Infestor x3  
  164  14:06  Zergling x50  
  164  14:08  Ultralisk x2, Zergling x32  
  164  14:09  Zergling x4  
  195  14:11  Zergling x12  
  195  14:13  Zergling x2  
  200  14:22  Zergling x4  
  200  14:28  Overlord x2  
  200  14:29  Baneling x9  
  200  14:30  Baneling x2  
  198  14:38  Overlord  
  195  14:43  Zergling x30  
  191  14:55  Hatchery  
  191  14:58  Baneling  
  191  14:59  Baneling x2  
  190  15:02  Baneling x4  
  190  15:03  Baneling x5, Overseer  
  190  15:04  Zerg Flyer Weapons Level 1  
  190  15:05  Zergling x20  
  200  15:14  Zergling x2  
  199  15:22  Overseer  
  199  15:28  Zergling x4  
  199  15:29  Zergling x2  
  199  15:34  Zergling x10  
  200  15:41  Baneling x15  
  200  15:42  Baneling x2  
  200  15:55  Extractor  
  200  15:56  Extractor  
  195  16:06  Viper  
  191  16:16  Zergling x2  
  191  16:17  Zergling x32  
  199  16:22  Zergling x10  
  188  16:28  Zergling x32  
  194  16:36  Baneling x7  
  194  16:41  Zergling x14  
  194  16:45  Baneling x12  
  199  16:56  Zergling x2  
  199  16:59  Zerg Flyer Armor Level 1  
  199  17:00  Overseer  
  200  17:03  Baneling x11  
  200  17:04  Baneling x3  
  200  17:07  Baneling  
  200  17:08  Baneling x7  
  198  17:12  Extractor  
  198  17:13  Extractor  
  197  17:15  Zergling x8  
  197  17:19  Baneling x3  
  195  17:31  Zergling x20  
  182  17:37  Ultralisk, Zergling x38  
  182  17:38  Overseer  
  195  17:50  Zergling x26  
  195  17:51  Zergling x2  
  199  18:01  Baneling x9  
  199  18:03  Zergling x2  
  200  18:09  Baneling x8  
  200  18:10  Baneling x4  
  196  18:18  Zergling x10  
  198  18:37  Zergling x18  
  172  18:48  Zergling x14  
  172  18:49  Zergling x26  
  172  18:52  Zerg Flyer Weapons Level 2  
  172  18:54  Overlord x3  
  163  18:59  Ultralisk, Zergling x30  
  184  19:03  Baneling x11  
  184  19:04  Baneling x4, Zergling x16  
  184  19:05  Overlord  
  192  19:29  Zergling x20  
  189  19:44  Zergling x26  
  187  19:59  Zergling x28  
  165  20:11  Baneling x7  
  165  20:12  Corruptor x7  
  165  20:13  Corruptor  
  179  20:15  Ultralisk, Zergling x28  
  199  20:25  Baneling  
  199  20:26  Baneling x5, Overseer  
  199  20:40  Baneling x2  
  172  20:58  Zergling x8  
  172  20:59  Zergling x14  
  172  21:00  Ultralisk  
  172  21:02  Zergling x20  
  190  21:05  Infestor x3  
  196  21:16  Baneling  
  196  21:17  Baneling x7  
  194  21:21  Zergling x18  
  194  21:23  Infestor x2  
  192  21:39  Zergling x14  
  199  21:40  Zergling x8  
  199  21:46  Overlord x2  
  193  21:54  Overlord  
  193  21:55  Baneling x4  
  193  21:57  Overlord, Overseer  
  167  22:11  Infestor x2  
  167  22:12  Zergling x2  
  167  22:13  Zergling x40  
  138  22:25  Ultralisk, Zergling x20  
  154  22:38  Infestor x4  
  154  22:39  Overseer  
  162  22:46  Overseer  
  162  22:49  Infestor x2  
  166  23:21  Corruptor x7  
  180  23:32  Brood Lord x2  
  178  23:36  Brood Lord  
  180  23:42  Brood Lord  
  180  23:46  Brood Lord  
  184  23:54  Brood Lord  
  179  24:03  Brood Lord  
  179  24:04  Brood Lord  
  183  24:12  Baneling x7  
  183  24:15  Brood Lord  
  185  24:23  Brood Lord  
  187  24:27  Brood Lord  
  189  24:32  Brood Lord  
  189  24:35  Brood Lord  
  193  24:41  Infestor  
  193  24:42  Infestor  
  197  24:50  Zerg Flyer Weapons Level 3  
  197  24:55  Infestor  
  199  25:13  Corruptor x3  
  194  25:26  Corruptor  
  192  25:40  Baneling x3  
  192  25:43  Brood Lord x3  
  198  25:50  Corruptor  
  200  26:36  Brood Lord, Overseer  
  198  26:41  Spore Crawler  
  198  26:42  Brood Lord  
  197  27:02  Infestor  
  199  27:27  Zerg Flyer Armor Level 2  
  199  27:41  Corruptor x2  
  198  28:14  Overseer  
  198  28:31  Spore Crawler x3  
  198  28:33  Corruptor  
  198  28:34  Corruptor x2  
  195  28:38  Corruptor x3  
  190  28:43  Brood Lord  
  190  28:44  Brood Lord  
  190  28:45  Corruptor x4  
  198  29:09  Overseer  
  185  29:12  Brood Lord  
  185  29:13  Corruptor  
  185  29:16  Corruptor  
  187  29:40  Brood Lord  
  189  29:47  Extractor  
  188  29:56  Overseer  
  186  30:21  Infestor x2  
  185  30:59  Infestor  
  185  31:18  Brood Lord  
  185  31:19  Corruptor  
Tags
 
Add a new tag
Caveats
  • Supply blocks, unpowered buildings, or Contaminate may cause inaccurate times.
  • Supply counts are checked every 10 seconds.